 Dungeon Crawl Stone Soup version 0.25-a0-663-gace7076f2c (webtiles) character file.

Game seed: 8622434835788864417, levelgen mode: deterministic

70 Esekla the Stinger (level 4, -3/28 HPs)
             Began as an Octopode Venom Mage on Mar 24, 2020.
             Was an Initiate of Ashenzari.
             Killed by divine providence
             ... invoked by an orc priest
              (15 damage)
             ... on level 3 of the Dungeon.
             The game lasted 00:08:36 (813 turns).

Esekla the Stinger (Octopode Venom Mage)             Turns: 813, Time: 00:08:37

Health: -3/28      AC:  1    Str:  8    XL:     4   Next: 21%
Magic:  0/7        EV: 13    Int: 17    God:    Ashenzari [......]
Gold:   61         SH:  0    Dex: 12    Spells: 2/8 levels left

rFire    . . .     SeeInvis .   f - +0 dagger
rCold    . . .     Gourm    .   (no shield)
rNeg     . . .     Faith    .   (helmet restricted)
rPois    .         Spirit   .   (no amulet)
rElec    .         Reflect  .   (no ring)
rCorr    .         Harm     .   (no ring)
MR       .....                  (no ring)
Stlth    +++.......             (no ring)
HPRegen  0.09/turn              (no ring)
MPRegen  0.10/turn              (no ring)
                                (no ring)
                                (no ring)

@: very slightly contaminated
A: almost no armour, stealthy swim, amphibious, 8 rings, constrict 8, camouflage
1, gelatinous body 1
a: Curse Item, Renounce Religion


You were on level 3 of the Dungeon.
You worshipped Ashenzari.
Ashenzari was noncommittal.
You were hungry.

You visited 1 branch of the dungeon, and saw 3 of its levels.

You collected 61 gold pieces.

Inventory:

Hand Weapons
 f - a +0 dagger (weapon)
Missiles
 g - 3 poisoned darts (quivered)
Scrolls
 c - a scroll of teleportation {unknown}
 e - a scroll of random uselessness {unknown}
Potions
 a - a potion of invisibility {unknown}
 d - a potion of heal wounds {unknown}
 h - 2 potions of curing {unknown}
Comestibles
 b - 2 rations


   Skills:
 * Level 1.3 Fighting
 + Level 2.5 Dodging
 + Level 2.9 Stealth
 * Level 2.6 Spellcasting
 * Level 0.6 Conjurations
 - Level 1.0 Transmutations
 * Level 0.7 Air Magic
 + Level 4.1 Poison Magic


You had 2 spell levels left.
You knew the following spells:

 Your Spells              Type           Power        Failure   Level  Hunger
a - Sting                 Tmut/Pois      ##..         6%          1    #......
c - Mephitic Cloud        Conj/Pois/Air  #.......     26%         3    ###....
v - Poisonous Vapours     Pois/Air       ##....       10%         2    ##.....

Your spell library contained the following spells:

 Spells                   Type           Power        Failure   Level  Hunger
 Ignite Poison            Fire/Tmut/Pois #.......     26%         3    ###....
 Olgreb's Toxic Radiance  Pois           ###.....     32%         4    #####..


Dungeon Overview and Level Annotations

Branches:
Dungeon (3/15)

Altars:
Ashenzari

Annotations:
D:3 2 transporters, MisterFreud's ghost, amateur FeSk


Innate Abilities, Weirdness & Mutations

You cannot wear most types of armour.
You are very stealthy in the water. (Stealth+)
You are amphibious.
You can wear up to eight rings at the same time.
You can use your tentacles to constrict eight enemies at once.
Your skin changes colour to match your surroundings (Stealth+).
Your rubbery body absorbs attacks. (AC +1, EV +1)


Message History

The orc moves out of view.
Found a transporter.
Found a purple potion.
You hit the frilled lizard.
You kill the frilled lizard!
Casting: Poisonous Vapours (safe; 10% risk of failure)
Confirm with . or Enter, or press ? or * to list all spells.
Aiming: Poisonous Vapours (safe; 10% risk of failure)
Press: ? - help, Dir - move target cursor, f - adder
Aim: an adder Poisonous vapours surround the adder!
The adder is engulfed in poison gas.
The adder is poisoned.
The adder bites you.
Found a transporter.
The adder bites you.
An orc comes into view. It is wielding a +0 dagger.
The orc priest calls down the wrath of Beogh upon you.
Beogh smites you!
Ouch! That really hurt!
You die...

.#..##...##..#.
....#..........!#....
....#©..........#....g
o...#############......
.....!....©......o......
....... #..o# #........#
....... ##.# ##........#
.......##..###..........
.......@Sr.†............
##############..........
#..$....... #..<....)[.
##........# ##......##
########


You could see an orc priest, an adder, an orc (sleeping) and a rat.

Vanquished Creatures
  A gnoll (D:2)
  3 adders (D:2)
  A dart slug (D:2)
  4 giant cockroaches
  3 goblins
  4 hobgoblins
  A ball python (D:1)
  6 bats
  3 frilled lizards
  2 kobolds (D:2)
  4 rats
32 creatures vanquished.

Notes
Turn   | Place    | Note
-------+----------+-------------------------------------------
     0 | D:1      | Esekla the Octopode Venom Mage began the quest for the Orb.
     0 | D:1      | Reached XP level 1. HP: 11/11 MP: 3/3
    64 | D:1      | Found a shattered altar of Ashenzari.
    70 | D:1      | Became a worshipper of Ashenzari the Shackled
   211 | D:1      | Reached XP level 2. HP: 17/17 MP: 0/5
   215 | D:1      | Learned a level 2 spell: Poisonous Vapours
   536 | D:2      | Reached skill level 4 in Poison Magic
   536 | D:2      | Reached XP level 3. HP: 19/22 MP: 1/6
   568 | D:2      | Learned a level 3 spell: Mephitic Cloud
   728 | D:2      | Reached skill level 1 in Fighting
   786 | D:2      | Reached XP level 4. HP: 17/28 MP: 2/7
   806 | D:3      | Found a transporter.
   806 | D:3      | Noticed MisterFreud's ghost (amateur FeSk)
   810 | D:3      | Found a transporter.
   813 | D:3      | Killed from afar by an orc priest

Levels and vault maps discovered:
D:1:      tarquinn_simple_flora_water_d, layout_basic, evilmike_ruin_ashenzari
D:2:      layout_loops_corners, grunt_temple_overflow_open
D:3:      layout_rooms, gammafunk_ghost_mausoleum,
          chequers_ecumenical_altar_simple_redux,
          grunt_dithmenos_smoke_and_mirrors, uniq_grinder, uniq_robin,
          uniq_jessica

Skill      XL: |  1  2  3 |
---------------+----------+-----
Poison Magic   | 4 |  4.1
Fighting       | 1 |  1.3
Dodging        | |  2.5
Stealth        | |  2.9
Spellcasting   | |  2.6
Conjurations   | |  0.6
Transmutations | |  1.0
Air Magic      | |  0.7

Action                   |  1- 3 |  4- 6 || total
-------------------------+-------+-------++-------
Melee: Unarmed           |    37 |       ||    37
       Constrict         |    15 |       ||    15
       Tentacles         |     4 |       ||     4
       Dagger            |    20 |     1 ||    21
 Cast: Sting             |     5 |       ||     5
       Poisonous Vapours |    14 |     1 ||    15
 Stab: Sleeping          |     3 |       ||     3
Armor: Skin              |     7 |       ||     7
Dodge: Dodged            |    34 |     3 ||    37

Table legend:
 A = Non-vault XP
 B = Vault XP
 C = Vault XP percentage of total XP
 D = Non-vault monster count
 E = Vault monster count
 F = Vault count percentage of total count
                 A         B        C        D         E       F
            +---------+---------+-------+---------+---------+-------
      Total |     100 |       0 |   0.0 |      32 |       0 |   0.0
            +---------+---------+-------+---------+---------+-------
        D:1 |      27 |       0 |   0.0 |      18 |       0 |   0.0
        D:2 |      72 |       0 |   0.0 |      13 |       0 |   0.0
        D:3 |       1 |       0 |   0.0 |       1 |       0 |   0.0
            +---------+---------+-------+---------+---------+-------
